[Event "Titled Tuesday Blitz May 9 Late 2023"]
[White "Sowa, Ryan"]
[Black "Qiao, Cindy"]
[WhiteFideId "30901693"]
[BlackFideId "2620243"]
[WhiteElo "2650"]
[BlackElo "1777"]
[Result "1/2-1/2"]
[Round "04"]
[TimeControl "180+2"]
[Date "2023.05.09"]
[WhiteClock "0:00:09"]
[BlackClock "0:00:04"]

1. Nf3 d5 2. b3 Nf6 3. Bb2 e6 4. g3 Be7 5. Bg2 b6 6. O-O O-O 7. c4 Bb7 8. Ne5 c5 9. d3 Nc6 10. Nxc6 Bxc6 11. Nd2 Rc8 12. Nf3 d4 13. b4 Qc7 14. b5 Bb7 15. e4 dxe3 16. fxe3 Rcd8 17. Qe2 Nd7 18. e4 Bf6 19. e5 Be7 20. Rae1 a6 21. a4 axb5 22. axb5 Ra8 23. Bc1 Rfd8 24. Bg5 Nf8 25. Bxe7 Qxe7 26. Ra1 Rxa1 27. Rxa1 Ra8 28. Rxa8 Bxa8 29. Qa2 Qd8 30. Qe2 Bxf3 31. Qxf3 Qd4+ 32. Kf1 h6 33. Qc6 Qxd3+ 34. Kf2 Qd4+ 35. Kf1 Qxc4+ 36. Kg1 Qd4+ 37. Kf1 c4 38. Be4 c3 39. Ke2 Qd2+ 40. Kf3 Qd4 41. h4 Qxe5 42. Qxb6 c2 43. Qc6 Qf6+ 44. Kg2 Ng6 45. Qc8+ Kh7 46. Qxc2 h5 47. Bxg6+ fxg6 48. Qb3 Qe7 49. b6 Qb7+ 50. Kf2 e5 51. Ke3 Kh8 52. Qb5 Kh7 53. Qb4 Kh8 54. Qf8+ Kh7 55. Qc5 Kh8 56. Kd3 Qf3+ 57. Qe3 Qb7 58. Kc4 Qc6+ 59. Kb4 Qb7 60. Kb5 Qd7+ 61. Ka6 Qa4+ 62. Kb7 Qd7+ 63. Ka8 Qe8+ 64. Ka7 Qa4+ 65. Kb8 Qe8+ 66. Kc7 Qe7+ 67. Kc6 Qe6+ 68. Kc5 Qe7+ 69. Kd5 Qb7+ 70. Kxe5 Qe7+ 71. Kd4 Qd6+ 72. Kc4 Qc6+ 73. Qc5 Qe4+ 74. Kb5 Qe8+ 75. Qc6 Qe2+ 76. Kc5 Qc2+ 77. Kd6 Qd2+ 78. Kc7 Qe3 79. b7 Qxg3+ 80. Kb6 Qb3+ 81. Qb5 Qe6+ 82. Ka7 Qa2+ 83. Qa6 Qf2+ 84. Ka8 Qf3 85. Qxg6 Qa3+ 86. Kb8 Qf8+ 87. Kc7 Qe7+ 88. Kb6 Qb4+ 89. Kc6 Qc4+ 90. Kd7 Qb5+ 91. Kc7 Qc5+ 92. Qc6 Qe7+ 93. Kb6 Qb4+ 94. Ka6 Qa3+ 95. Kb6 Qb4+ 96. Kc7 Qe7+ 97. Qd7 Qc5+ 98. Kb8 Qe5+ 99. Kc8 Qc5+ 100. Qc7 Qf5+ 101. Kd8 Qf8+ 102. Kd7 Qf5+ 103. Kc6 Qc2+ 104. Kd7 Qf5+ 105. Kd8 Qf8+ 106. Kd7 Qf5+ 1/2-1/2


[Site "https://www.chess.com"]

[Event "Titled Tuesday Blitz May 9 Late 2023"]
[White "TimGrutter03"]
[Black "Gatterer, Florian"]
[BlackFideId "811688"]
[WhiteElo "2607"]
[BlackElo "2221"]
[Result "1-0"]
[Round "04"]
[TimeControl "180+2"]
[Date "2023.05.09"]
[WhiteClock "0:00:31"]
[BlackClock "0:00:00"]

1. b3 e5 2. Bb2 Nc6 3. Nf3 e4 4. Nd4 Nxd4 5. Bxd4 d5 6. d3 c5 7. Bb2 exd3 8. exd3 Nf6 9. Be2 Bd6 10. O-O O-O 11. Nd2 Qc7 12. h3 Be5 13. Qc1 Re8 14. Bf3 Bxb2 15. Qxb2 Qf4 16. c4 Bxh3 17. gxh3 Re5 18. Kh1 Qh6 19. Qxe5 Qxh3+ 20. Qh2 Qf5 21. Bxd5 Nxd5 22. cxd5 Qxd3 23. Nc4 Qxd5+ 24. Qg2 Qh5+ 25. Kg1 h6 26. Rad1 Rf8 27. Rd5 Qh4 28. Rxc5 b6 29. Re5 Rd8 30. Rfe1 Rf8 31. Re8 g6 32. Rxf8+ Kxf8 33. Ne5 Qf4 34. Nxg6+ fxg6 35. Qxg6 Qg4+ 36. Qxg4 Kf7 37. Qd7+ Kf6 38. Qxa7 h5 39. Qxb6+ Kf5 40. a4 h4 41. a5 h3 42. a6 h2+ 43. Kxh2 Kf4 44. a7 Kg4 45. a8=Q Kf4 46. Qe4+ 1-0


[Site "https://www.chess.com"]

[Event "Titled Tuesday Blitz May 9 Late 2023"]
[White "Pasti, Aron"]
[Black "Aggelis, Nikolaos"]
[WhiteFideId "785857"]
[BlackFideId "4213220"]
[WhiteElo "2173"]
[BlackElo "2189"]
[Result "1-0"]
[Round "04"]
[TimeControl "180+2"]
[Date "2023.05.09"]
[WhiteClock "0:01:28"]
[BlackClock "0:00:00"]

1. e4 c6 2. d4 d5 3. Nc3 dxe4 4. Nxe4 Nd7 5. Bc4 Ngf6 6. Ng5 e6 7. N1f3 Nb6 8. Bb3 c5 9. c3 h6 10. Nh3 Be7 11. O-O O-O 12. Nf4 Nbd5 13. Nxd5 Nxd5 14. dxc5 Bxc5 15. Bxd5 exd5 16. Nd4 Qh4 17. Be3 Bd6 18. h3 Re8 19. Qf3 Re4 20. Rad1 g6 21. Nb5 Bf8 22. Nc7 Rb8 23. Nxd5 Bg7 24. Bf4 Rxf4 25. Qxf4 Qxf4 26. Nxf4 Bf5 27. Rfe1 b5 28. g4 Bc2 29. Rd2 g5 30. Rxc2 gxf4 31. Rd2 b4 32. c4 a5 33. Re4 f3 34. b3 Rc8 35. Rd3 a4 36. Rxf3 axb3 37. axb3 Ra8 38. Re7 Rf8 39. c5 Bd4 40. c6 f6 41. c7 Rc8 42. Rd7 1-0


[Site "https://www.chess.com"]

[Event "Titled Tuesday Blitz May 9 Late 2023"]
[White "Arnold, Ken"]
[Black "Janaszak, Dawid"]
[WhiteFideId "2056836"]
[BlackFideId "1119206"]
[WhiteElo "2372"]
[BlackElo "2220"]
[Result "1-0"]
[Round "04"]
[TimeControl "180+2"]
[Date "2023.05.09"]
[WhiteClock "0:00:59"]
[BlackClock "0:00:04"]

1. d4 d5 2. Nf3 c5 3. c3 Nc6 4. e3 Nf6 5. Bd3 Bg4 6. h3 Bxf3 7. Qxf3 e5 8. dxe5 Nxe5 9. Qe2 Nxd3+ 10. Qxd3 Bd6 11. Nd2 O-O 12. O-O Qe7 13. Rd1 Rad8 14. b3 Rfe8 15. Bb2 a6 16. Qc2 Qe5 17. Nf1 Qg5 18. c4 dxc4 19. Bxf6 Qxf6 20. Qxc4 b5 21. Qc2 Qe5 22. a4 g6 23. axb5 axb5 24. Ra5 Rb8 25. Qd3 Bc7 26. Rxb5 Rbd8 27. Qc2 Rxd1 28. Qxd1 Bd6 29. b4 Qe7 30. bxc5 Bxc5 31. Qd5 Rc8 32. Rb7 Rc7 33. Rxc7 Qxc7 34. g4 Bf8 35. Kg2 Qe7 36. Ng3 Qc7 37. Ne4 Bg7 38. Qd6 Qc8 39. Nf6+ Kh8 40. Qd7 Qa8+ 41. Nd5 Kg8 42. h4 h6 43. h5 gxh5 44. gxh5 Be5 45. e4 Bg7 46. Ne7+ Kh8 47. Qc8+ Qxc8 48. Nxc8 Be5 49. Ne7 Bf6 50. Nd5 Bd8 51. f4 Kg7 52. Kf3 Ba5 53. Kg4 Bd2 54. Kf5 Bc1 55. e5 Bd2 56. Nf6 Bc1 57. Ne8+ Kf8 58. Nd6 Kg7 59. Ke4 Bd2 60. f5 Bc1 61. Kd5 Bb2 62. e6 fxe6+ 63. Kxe6 Ba1 64. f6+ Kf8 65. f7 Bb2 66. Kf5 Ba3 67. Nc4 Bc1 68. Kg6 Bf4 69. Nb6 Bd6 70. Nd7+ 1-0


[Site "https://www.chess.com"]

[Event "Titled Tuesday Blitz May 9 Late 2023"]
[White "Adewumi, Tanitoluwa"]
[Black "Skaric, Djuro"]
[WhiteFideId "30966396"]
[BlackFideId "934569"]
[WhiteElo "2559"]
[BlackElo "2282"]
[Result "1-0"]
[Round "04"]
[TimeControl "180+2"]
[Date "2023.05.09"]
[WhiteClock "0:00:03"]
[BlackClock "0:00:56"]

1. e4 d6 2. d4 g6 3. Nc3 Bg7 4. Bc4 Nf6 5. Nf3 O-O 6. O-O Nc6 7. d5 Ne5 8. Nxe5 dxe5 9. f4 exf4 10. Bxf4 Ne8 11. e5 c6 12. dxc6 Qb6+ 13. Kh1 bxc6 14. Bg5 Qxb2 15. Qf3 Be6 16. Bxe6 fxe6 17. Qxc6 Qb6 18. Qxa8 Nf6 19. Qf3 Nd7 20. Qe3 Qc7 21. Rxf8+ Nxf8 22. Rf1 Nd7 23. Bxe7 Nxe5 24. Bf6 Qxc3 25. Qxc3 Bxf6 26. Rxf6 1-0


[Site "https://www.chess.com"]

[Event "Titled Tuesday Blitz May 9 Late 2023"]
[White "micke12a"]
[Black "Spitzl, Vinzent"]
[BlackFideId "12901253"]
[WhiteElo "2368"]
[BlackElo "2225"]
[Result "0-1"]
[Round "04"]
[TimeControl "180+2"]
[Date "2023.05.09"]
[WhiteClock "0:00:15"]
[BlackClock "0:00:08"]

1. e4 c5 2. Nf3 d6 3. d4 cxd4 4. Qxd4 Nc6 5. Qe3 Bg4 6. Be2 Nf6 7. O-O g6 8. h3 Bxf3 9. Bxf3 Bg7 10. c4 O-O 11. Nc3 Rc8 12. b3 Nd7 13. Bb2 Nd4 14. Rad1 Nxf3+ 15. Qxf3 Ne5 16. Qe3 Qa5 17. Nd5 Nc6 18. Bxg7 Kxg7 19. Qc3+ Qxc3 20. Nxc3 Rfd8 21. Rd2 f5 22. Rfd1 Kf7 23. f4 h6 24. Kf2 a6 25. Ke3 Re8 26. g3 Nb8 27. Rd5 Kf6 28. e5+ dxe5 29. Rxe5 e6 30. Rd6 Rc6 31. Rxc6 Nxc6 32. Rc5 g5 33. g4 gxf4+ 34. Kxf4 e5+ 35. Kf3 Nd4+ 36. Ke3 f4+ 37. Ke4 Nc6 38. Nd5+ Kg5 39. b4 Kh4 40. b5 axb5 41. cxb5 Nd4 42. Rc7 Kg3 43. Nxf4 exf4+ 44. Kxd4 f3 45. Rc3 Kg2 46. a4 f2 47. Rc2 Kg3 48. Rxf2 Kxf2 49. h4 Kg3 50. g5 h5 51. a5 Kxh4 52. g6 Kg5 53. a6 bxa6 54. bxa6 Kxg6 0-1


[Site "https://www.chess.com"]

[Event "Titled Tuesday Blitz May 9 Late 2023"]
[White "Bayo Milagro, Alvaro"]
[Black "Gerbelli Neto, Eduardo"]
[WhiteFideId "22275240"]
[BlackFideId "2103281"]
[WhiteElo "2270"]
[BlackElo "2178"]
[Result "1-0"]
[Round "04"]
[TimeControl "180+2"]
[Date "2023.05.09"]
[WhiteClock "0:00:49"]
[BlackClock "0:00:10"]

1. Nf3 Nf6 2. c4 c5 3. d4 cxd4 4. Nxd4 e5 5. Nb5 d5 6. cxd5 Bc5 7. Qc2 Qb6 8. Be3 Nbd7 9. Bxc5 Qxb5 10. Ba3 Qxd5 11. Nc3 Qa5 12. e3 Nb6 13. Bb5+ Bd7 14. Bxd7+ Nbxd7 15. O-O Rc8 16. Rad1 b5 17. Bd6 b4 18. f4 bxc3 19. fxe5 Nxe5 20. Qf5 Nf3+ 21. Qxf3 c2 22. Qb7 Qd8 23. Qb5+ Qd7 24. Qe5+ Qe6 25. Rc1 Qxe5 26. Bxe5 Ke7 27. Bxf6+ gxf6 28. Rf2 Rhd8 29. Rfxc2 Rd2 30. Rxc8 1-0


[Site "https://www.chess.com"]

[Event "Titled Tuesday Blitz May 9 Late 2023"]
[White "Reprintsev, Alexander"]
[Black "Rangel, Daniel"]
[WhiteFideId "14100541"]
[BlackFideId "2124475"]
[WhiteElo "2218"]
[BlackElo "2256"]
[Result "0-1"]
[Round "04"]
[TimeControl "180+2"]
[Date "2023.05.09"]
[WhiteClock "0:00:03"]
[BlackClock "0:00:17"]

1. e4 c5 2. b3 d6 3. Bb2 e5 4. f4 exf4 5. Qf3 Nc6 6. Qxf4 Nge7 7. Bb5 Bd7 8. Nf3 Ng6 9. Qg3 Be7 10. Bxg7 Rg8 11. Bc3 Nce5 12. Bxd7+ Qxd7 13. Nxe5 dxe5 14. Qf2 O-O-O 15. g3 Kb8 16. Na3 b5 17. Bb2 c4 18. O-O-O Qc7 19. Rhf1 Qa5 20. Nb1 Qxa2 21. Qxf7 Rc8 22. Nc3 Qa6 23. Qd5 cxb3 24. Qxb3 b4 25. Nd5 Bc5 26. Rf7 Ka8 27. Rdf1 Qc6 28. Rxh7 Rgf8 29. Rff7 Rxf7 30. Rxf7 Rf8 31. Rxf8+ Nxf8 32. Qc4 Ne6 33. h4 Nd4 34. Bxd4 exd4 35. Nf4 b3 36. Qd5 Ba3+ 37. Kb1 bxc2+ 38. Ka2 Qxd5+ 39. Nxd5 c1=Q 0-1


[Site "https://www.chess.com"]

[Event "Titled Tuesday Blitz May 9 Late 2023"]
[White "Hoffmann, Asa"]
[Black "Altman, Joshua"]
[WhiteFideId "2001470"]
[BlackFideId "426210"]
[WhiteElo "2117"]
[BlackElo "2028"]
[Result "0-1"]
[Round "04"]
[TimeControl "180+2"]
[Date "2023.05.09"]
[WhiteClock "0:00:00"]
[BlackClock "0:00:30"]

1. d4 Nf6 2. Bg5 e6 3. Nd2 c5 4. e3 cxd4 5. exd4 d6 6. Bd3 Be7 7. Ngf3 O-O 8. O-O Nbd7 9. c3 b6 10. Qe2 Bb7 11. Rfe1 h6 12. Bh4 Re8 13. h3 Bf8 14. Bg3 a6 15. a4 Qc7 16. Nc4 Bc6 17. b3 Nd5 18. Rec1 Rec8 19. Ne3 N5f6 20. Bxa6 Bxf3 21. gxf3 Re8 22. Bb5 e5 23. Qd3 e4 24. Qc4 Qd8 25. fxe4 Nxe4 26. Re1 Nxg3 27. fxg3 Qg5 28. Ng2 Rec8 29. Qd3 Nf6 30. Rf1 d5 31. Rf5 Qg6 32. Raf1 Bd6 33. Kh2 Ne4 34. Rxd5 Rxc3 35. Nh4 Bxg3+ 36. Kh1 Qe6 37. Rdf5 Rxd3 38. Bxd3 Bxh4 39. R5f4 Ng3+ 40. Kg2 Nxf1 0-1


[Site "https://www.chess.com"]

[Event "Titled Tuesday Blitz May 9 Late 2023"]
[White "Bryant, Todd"]
[Black "ArtemDyachuk"]
[WhiteFideId "2031299"]
[WhiteElo "2359"]
[BlackElo "2520"]
[Result "1-0"]
[Round "04"]
[TimeControl "180+2"]
[Date "2023.05.09"]
[WhiteClock "0:00:18"]
[BlackClock "0:00:20"]

1. e4 c5 2. Nf3 e6 3. d4 cxd4 4. Nxd4 Nc6 5. Nc3 Nf6 6. Ndb5 Bb4 7. a3 Bxc3+ 8. Nxc3 O-O 9. Bd3 d5 10. exd5 exd5 11. O-O Bg4 12. f3 Bh5 13. Bg5 Ne5 14. Bxf6 Qxf6 15. Nxd5 Qd6 16. Kh1 Rad8 17. c4 b5 18. b3 bxc4 19. bxc4 Qc5 20. Qe2 Rfe8 21. Qc2 Nxd3 22. Qxd3 Bg6 23. Qb3 Re2 24. Rfe1 Qd4 25. Rad1 h5 26. Rxe2 Qc5 27. Ne7+ Kh7 28. Rxd8 Qg5 29. Rd1 h4 30. Nxg6 fxg6 31. Qe3 Qf5 32. Qe4 Qh5 33. Rd5 Qh6 34. Qe3 g5 35. Qxg5 h3 36. Qxh6+ Kxh6 37. gxh3 g6 38. Rd6 a6 39. Rxg6+ Kxg6 40. Re5 Kf6 41. f4 a5 42. Kg2 a4 43. Kf3 Kg6 44. Kg4 Kf6 45. Kf3 Kg6 46. Ke4 Kf6 47. Kd5 Kg6 48. Ke6 Kh6 49. Rg5 Kh7 50. Kf6 Kh6 51. Kf7 Kh7 52. Rg6 Kh8 53. Rh6# 1-0


[Site "https://www.chess.com"]

[Event "Titled Tuesday Blitz May 9 Late 2023"]
[White "Sanhueza, Cristian"]
[Black "Bashkansky, Ethan"]
[WhiteFideId "116815"]
[BlackFideId "2071533"]
[WhiteElo "2174"]
[BlackElo "2356"]
[Result "1-0"]
[Round "04"]
[TimeControl "180+2"]
[Date "2023.05.09"]
[WhiteClock "0:01:32"]
[BlackClock "0:01:50"]

1. e4 c6 2. Nf3 d5 3. Nc3 dxe4 4. Nxe4 Bg4 5. h3 Bh5 6. Ng3 Bg6 7. h4 f6 8. d4 Nd7 9. h5 Bf7 10. Bd3 e5 11. dxe5 Nxe5 12. Nxe5 fxe5 13. Qe2 Qc7 14. Bf4 Bd6 15. Nf5 O-O-O 16. Nxd6+ Qxd6 17. Bf5+ Be6 18. Bxe5 Qd5 19. c4 Qd7 20. Bxe6 Qxe6 21. Bxg7 1-0


[Site "https://www.chess.com"]

[Event "Titled Tuesday Blitz May 9 Late 2023"]
[White "FoxOnTheRun97"]
[Black "Shapiro, Daniel"]
[BlackFideId "2001780"]
[WhiteElo "2514"]
[BlackElo "2355"]
[Result "1-0"]
[Round "04"]
[TimeControl "180+2"]
[Date "2023.05.09"]
[WhiteClock "0:01:19"]
[BlackClock "0:00:08"]

1. d4 Nf6 2. Bg5 d5 3. Bxf6 exf6 4. e3 Bd6 5. g3 O-O 6. Bg2 Be6 7. Ne2 c6 8. O-O Nd7 9. Qd3 g6 10. b3 a6 11. c4 Re8 12. Nbc3 dxc4 13. bxc4 Nb6 14. d5 Be5 15. Rab1 Rb8 16. Nf4 Bxf4 17. gxf4 cxd5 18. cxd5 Bd7 19. Qd4 Nc8 20. Ne4 Bf5 21. Nxf6+ Kf8 22. Nxh7+ Ke7 23. e4 Bd7 24. Qf6# 1-0


[Site "https://www.chess.com"]

[Event "Titled Tuesday Blitz May 9 Late 2023"]
[White "Dragomirescu, Calin"]
[Black "Haszon, David"]
[WhiteFideId "1200895"]
[BlackFideId "733610"]
[WhiteElo "2010"]
[BlackElo "2210"]
[Result "0-1"]
[Round "04"]
[TimeControl "180+2"]
[Date "2023.05.09"]
[WhiteClock "0:00:25"]
[BlackClock "0:00:08"]

1. d4 Nf6 2. Nf3 e6 3. g3 d5 4. c4 Be7 5. Bg2 O-O 6. O-O c6 7. Qc2 Nbd7 8. Nbd2 Qa5 9. e4 dxe4 10. Nxe4 Nxe4 11. Qxe4 Nf6 12. Qc2 Rd8 13. Bd2 Qa6 14. b3 b5 15. Bf4 Bb7 16. c5 Nd5 17. Bg5 Bf6 18. Bxf6 Nxf6 19. Rad1 b4 20. Rfe1 Qa5 21. h4 Qc7 22. Ne5 a5 23. Nc4 Ba6 24. Nd6 Ne8 25. Ne4 Rd7 26. Ng5 Nf6 27. Re5 Rad8 28. Nf3 Rd5 29. h5 h6 30. Rxd5 exd5 31. Ne5 Nd7 32. f4 Nxe5 33. fxe5 Qe7 34. Qd2 f6 35. Qf4 fxe5 36. dxe5 Qxc5+ 37. Kh2 Rf8 38. Qg4 Qe7 39. Qd4 Bc8 40. Rd2 Qg5 41. Rc2 Qxh5+ 42. Kg1 Qg6 43. Rxc6 Qb1+ 44. Kh2 Kh8 45. e6 Qe1 46. Qxd5 Re8 47. Qc5 Bxe6 48. Qxa5 Qe2 49. Qa6 Bd5 50. Qxe2 Rxe2 51. Rc8+ Kh7 52. Kh3 Bxg2+ 53. Kg4 Bd5 54. Kf4 Rxa2 55. Rc5 Bxb3 56. Rb5 Bf7 57. Rxb4 Bg6 58. g4 Rf2+ 59. Kg3 Rf8 60. Rb6 Bf7 61. Rb7 g6 62. Rb6 Kg7 63. Rb7 h5 64. gxh5 gxh5 65. Kh4 Re8 66. Kg5 Re5+ 67. Kh4 Re4+ 68. Kg5 Re5+ 69. Kh4 Re6 70. Kg5 Rf6 71. Kh4 Kg6 72. Rb2 Rf4+ 73. Kg3 Rg4+ 74. Kh3 Be6 75. Rb6 Kf6 76. Ra6 Ra4+ 0-1


[Site "https://www.chess.com"]

[Event "Titled Tuesday Blitz May 9 Late 2023"]
[White "Chabris, Christopher"]
[Black "Karas, Marek"]
[WhiteFideId "2005263"]
[BlackFideId "14928558"]
[WhiteElo "2352"]
[BlackElo "2233"]
[Result "0-1"]
[Round "04"]
[TimeControl "180+2"]
[Date "2023.05.09"]
[WhiteClock "0:00:00"]
[BlackClock "0:01:52"]

1. e4 e5 2. Nf3 c6 3. d4 exd4 4. Qxd4 d5 5. exd5 cxd5 6. Bb5+ Nc6 7. O-O Nf6 8. Re1+ Be7 9. Qc5 O-O 10. Qe3 Ne4 11. Qb3 Be6 12. Qa4 Qb6 13. Be3 Bc5 14. Nbd2 Bxe3 15. Rxe3 Nc5 16. Qh4 Qxb5 17. Ng5 h6 18. Ndf3 Qxb2 19. Rae1 Rae8 20. Nh3 Qf6 21. Qg3 Bd7 22. Nf4 Rxe3 23. Rxe3 Re8 24. Nh5 Qa1+ 0-1


[Site "https://www.chess.com"]

[Event "Titled Tuesday Blitz May 9 Late 2023"]
[White "Jovic, Stanoje"]
[Black "Al-Saffar, Araz Basim Mohammed S"]
[WhiteFideId "905020"]
[BlackFideId "4801040"]
[WhiteElo "2236"]
[BlackElo "2304"]
[Result "1-0"]
[Round "04"]
[TimeControl "180+2"]
[Date "2023.05.09"]
[WhiteClock "0:01:31"]
[BlackClock "0:01:06"]

1. c4 c5 2. g3 Nf6 3. Bg2 d5 4. cxd5 Nxd5 5. Nc3 Nc7 6. Nf3 Nc6 7. O-O e5 8. d3 Be7 9. Nd2 Bd7 10. Nc4 f6 11. f4 b5 12. Ne3 exf4 13. gxf4 O-O 14. Ned5 b4 15. Nxc7 Qxc7 16. Nd5 Qd8 17. e4 Be6 18. Be3 Nd4 19. Rc1 Bxd5 20. exd5 Bd6 21. Bxd4 cxd4 22. Rc6 Re8 23. Be4 g6 24. f5 g5 25. Qf3 Qe7 26. Rfc1 Qe5 27. Qg3 Qe7 28. Qxd6 1-0


[Site "https://www.chess.com"]

[Event "Titled Tuesday Blitz May 9 Late 2023"]
[White "Guzman Moneo, Alberto"]
[Black "Cruz, William Ferreira Da"]
[WhiteFideId "2209616"]
[BlackFideId "2118050"]
[WhiteElo "2157"]
[BlackElo "2223"]
[Result "0-1"]
[Round "04"]
[TimeControl "180+2"]
[Date "2023.05.09"]
[WhiteClock "0:00:00"]
[BlackClock "0:01:14"]

1. Nf3 g6 2. e4 d6 3. d4 Bg7 4. Bc4 e6 5. Bb3 Ne7 6. c3 O-O 7. Bg5 f6 8. Be3 c6 9. Nbd2 d5 10. e5 f5 11. g3 h6 12. h4 c5 13. dxc5 Nd7 14. Bd4 Qc7 15. Bc2 Nxe5 16. b4 N7c6 17. Nxe5 Nxe5 18. Qe2 b6 19. O-O f4 20. Rae1 f3 21. Qd1 Ng4 22. Bxg7 Kxg7 23. Nxf3 e5 24. Nh2 Nxh2 25. Kxh2 Bb7 26. Qd3 Rf6 27. f4 e4 28. Qd4 bxc5 29. bxc5 Rc8 30. Rb1 Ba6 31. Rfd1 Qxc5 32. Bb3 Qxd4 33. Rxd4 Rxc3 34. Rxd5 Bc4 35. Rd7+ Rf7 36. Rxf7+ Kxf7 37. Bxc4+ Rxc4 38. Rb7+ Kf6 39. Rxa7 h5 40. Kg2 Rc2+ 41. Kf1 Kf5 42. Rf7+ Kg4 43. Rf6 Kf3 44. Ke1 e3 45. Rd6 Rc1+ 46. Rd1 Rxd1+ 47. Kxd1 Kf2 0-1


[Site "https://www.chess.com"]

[Event "Titled Tuesday Blitz May 9 Late 2023"]
[White "Senft, Sean"]
[Black "Jonkman, Harmen"]
[WhiteFideId "2044960"]
[BlackFideId "1002708"]
[WhiteElo "1989"]
[BlackElo "2368"]
[Result "0-1"]
[Round "04"]
[TimeControl "180+2"]
[Date "2023.05.09"]
[WhiteClock "0:01:52"]
[BlackClock "0:00:51"]

1. d4 e6 2. c4 Nf6 3. Nc3 Bb4 4. Nf3 b6 5. Bg5 Bb7 6. e3 h6 7. Bh4 d6 8. Bd3 Nbd7 9. Qc2 e5 10. Nd2 exd4 11. exd4 g5 12. Bg3 Bxg2 13. Rg1 Bb7 14. O-O-O Bxc3 15. bxc3 Nh5 16. Rde1+ Kf8 17. Ne4 Ndf6 18. Rgf1 Bxe4 19. Bxe4 Rb8 20. f4 g4 21. Bf5 Nxg3 22. hxg3 b5 23. c5 dxc5 24. dxc5 b4 25. c4 Qd4 26. Kb1 Kg7 27. Re4 Qxc5 28. Re5 Qb6 29. c5 Qb5 30. Bd3 Qd7 31. Rd1 Rhd8 32. Be2 Qc6 33. Re1 a5 34. Qb2 Rd5 35. Bxg4 Rxc5 36. Bf3 Qd7 37. Rxc5 Qd3+ 38. Ka1 Qxf3 39. Rc6 Qxc6 0-1


[Site "https://www.chess.com"]

[Event "Titled Tuesday Blitz May 9 Late 2023"]
[White "Moral Garcia, Serafin"]
[Black "Chirivi C, Jenny Astrid"]
[WhiteFideId "2201925"]
[BlackFideId "4403061"]
[WhiteElo "2274"]
[BlackElo "2019"]
[Result "1-0"]
[Round "04"]
[TimeControl "180+2"]
[Date "2023.05.09"]
[WhiteClock "0:00:37"]
[BlackClock "0:00:00"]

1. e4 c5 2. Nf3 e6 3. c3 Nf6 4. e5 Nd5 5. Bc4 d6 6. d4 cxd4 7. cxd4 Be7 8. O-O O-O 9. Qe2 b6 10. Rd1 Bb7 11. Nc3 Nxc3 12. bxc3 Qc7 13. Bd2 Nc6 14. exd6 Bxd6 15. Bd3 Ne7 16. h3 Ng6 17. Ng5 Bf4 18. Qh5 Bxg5 19. Qxg5 Qc6 20. Re1 Rad8 21. Re3 Rd5 22. Qg3 Rd7 23. h4 Qd5 24. f3 Qh5 25. Bxg6 Qxg6 26. Qh3 Bd5 27. Rae1 h6 28. a3 Rc8 29. h5 Qc2 30. R1e2 Bc4 31. Rf2 Rd5 32. Re4 Rcd8 33. Rg4 Kh7 34. Rxg7+ Kxg7 35. Bxh6+ Kxh6 36. Rxc2 Rxh5 37. Qg3 Bd3 38. Rd2 Bg6 39. Qf4+ Kg7 40. Re2 Rdh8 41. Re5 Rh1+ 42. Kf2 Ra1 43. d5 Ra2+ 44. Kg3 Rxa3 45. dxe6 Re8 46. exf7 Bxf7 47. Rxe8 Bxe8 48. Qe5+ Kg8 49. Qxe8+ 1-0


[Site "https://www.chess.com"]

[Event "Titled Tuesday Blitz May 9 Late 2023"]
[White "Khandelwal, Ankush"]
[Black "Stachanczyk, Jacek"]
[WhiteFideId "413470"]
[BlackFideId "1116657"]
[WhiteElo "2263"]
[BlackElo "2084"]
[Result "1-0"]
[Round "04"]
[TimeControl "180+2"]
[Date "2023.05.09"]
[WhiteClock "0:00:19"]
[BlackClock "0:00:16"]

1. e4 c5 2. Nf3 d6 3. d4 cxd4 4. Nxd4 Nf6 5. Nc3 g6 6. Be3 Bg7 7. f3 O-O 8. Qd2 Nc6 9. O-O-O d5 10. exd5 Nxd5 11. Nxc6 bxc6 12. Bd4 Nxc3 13. Qxc3 Bh6+ 14. Be3 Bxe3+ 15. Qxe3 Qb6 16. Qxe7 Be6 17. Qa3 Rad8 18. Bd3 Rd5 19. b3 Rfd8 20. Rde1 Ra5 21. Qb2 c5 22. Re2 c4 23. Bxc4 Bxc4 24. bxc4 Qc7 25. Rhe1 Qf4+ 26. Kb1 f6 27. Re8+ Rxe8 28. Rxe8+ Kf7 29. Rb8 Qxc4 30. Qb7+ Ke6 31. Re8+ Kf5 32. Qd7+ Kg5 33. Qd2+ Qf4 34. h4+ 1-0


[Site "https://www.chess.com"]

[Event "Titled Tuesday Blitz May 9 Late 2023"]
[White "Fathy, Elameir"]
[Black "TheKnightOfBosnia"]
[WhiteFideId "10600396"]
[WhiteElo "2311"]
[BlackElo "2485"]
[Result "1-0"]
[Round "04"]
[TimeControl "180+2"]
[Date "2023.05.09"]
[WhiteClock "0:00:13"]
[BlackClock "0:00:11"]

1. d4 Nf6 2. c4 e6 3. Nf3 Bb4+ 4. Bd2 a5 5. a3 Bxd2+ 6. Qxd2 O-O 7. Nc3 d5 8. e3 b6 9. Rc1 Nbd7 10. cxd5 exd5 11. Bd3 Bb7 12. O-O c5 13. Rfd1 Qe7 14. h3 Rac8 15. Qc2 Rfd8 16. Re1 Ne4 17. Rcd1 cxd4 18. exd4 Qf6 19. Qb3 Nxc3 20. bxc3 Qd6 21. Bf5 Ba6 22. Ne5 Bc4 23. Qb2 Nxe5 24. dxe5 Qc5 25. Bxc8 Rxc8 26. Rd4 Rc6 27. a4 h6 28. Kh2 Rg6 29. f4 Qc8 30. Qf2 h5 31. f5 Rg5 32. e6 Qc7+ 33. Kh1 Qe7 34. Qf4 f6 35. Qb8+ Kh7 36. Qf4 Kg8 37. Qf3 Bb3 38. h4 Rg4 39. Rxg4 hxg4 40. Qxg4 Bc2 41. Rf1 Be4 42. h5 Qe8 43. Qg6 Qxg6 44. hxg6 Kf8 45. Kh2 Ke7 46. g4 Bc2 47. Kg3 Bxa4 48. Rh1 Bb3 49. Rh8 a4 50. Rg8 a3 51. Rxg7+ Kd6 52. Rf7 a2 53. Ra7 d4 54. cxd4 b5 55. g7 Kd5 56. g8=Q Kxd4 57. e7 Bxg8 58. e8=Q Bb3 59. Qd8+ Kc3 60. Qxf6+ Kc2 61. Qa1 b4 62. Rb7 Bc4 63. Rxb4 Kd3 64. g5 Ke4 65. g6 Kxf5 66. Ra4 Bg8 67. Rxa2 Kxg6 68. Rf2 Kh7 69. Qf6 Bd5 70. Rh2+ Kg8 71. Rh8# 1-0


[Site "https://www.chess.com"]

[Event "Titled Tuesday Blitz May 9 Late 2023"]
[White "Sarkar, Justin"]
[Black "Gurevich, Dmitry"]
[WhiteFideId "2010011"]
[BlackFideId "2000407"]
[WhiteElo "2168"]
[BlackElo "2506"]
[Result "0-1"]
[Round "04"]
[TimeControl "180+2"]
[Date "2023.05.09"]
[WhiteClock "0:00:00"]
[BlackClock "0:00:11"]

1. e4 c5 2. Nf3 e6 3. d4 cxd4 4. Nxd4 a6 5. c4 Nf6 6. Nc3 Qc7 7. Be2 Be7 8. O-O O-O 9. f4 d6 10. Qd3 Nbd7 11. b4 b6 12. Bb2 Bb7 13. Rac1 Rfe8 14. g4 e5 15. Nd5 Qd8 16. Nf5 Bxd5 17. cxd5 exf4 18. g5 Ne5 19. Bxe5 dxe5 20. d6 Bf8 21. gxf6 Qxf6 22. Rc7 Red8 23. Qd5 g6 24. Bc4 gxf5 25. Rxf7 Qg6+ 26. Kh1 Kh8 27. exf5 Qxd6 28. Rxf8+ Qxf8 29. Qxe5+ Qg7 30. f6 Qg4 31. f7+ Qg7 32. Qxf4 Rf8 33. Rg1 Qc3 34. Rg8+ Rxg8 35. fxg8=R+ Rxg8 36. Bxg8 Kxg8 37. Qb8+ Kf7 38. Qb7+ Kg8 39. Qxb6 Qa1+ 40. Kg2 Qxa2+ 41. Kg3 Qb3+ 42. Kg4 Qc4+ 43. Kg3 Kf7 44. h3 Ke7 45. Qb7+ Kd6 46. Qxh7 Qc3+ 47. Kg4 Qxb4+ 48. Kg5 Qd2+ 49. Kg4 Qg2+ 50. Kf4 Qf2+ 51. Kg4 Qe2+ 52. Kg3 Qe5+ 53. Kg2 a5 54. Qg6+ Kc5 55. Qc2+ Kb4 56. h4 a4 0-1


[Site "https://www.chess.com"]

[Event "Titled Tuesday Blitz May 9 Late 2023"]
[White "Ingunza Curro, Andres"]
[Black "Yeritsyan, Hayk"]
[WhiteFideId "24526371"]
[BlackFideId "13307320"]
[WhiteElo "2247"]
[BlackElo "2480"]
[Result "0-1"]
[Round "04"]
[TimeControl "180+2"]
[Date "2023.05.09"]
[WhiteClock "0:00:51"]
[BlackClock "0:00:46"]

1. d4 d5 2. c4 e6 3. Nf3 dxc4 4. e3 a6 5. a4 Nc6 6. Bxc4 Na5 7. Be2 c5 8. O-O Nf6 9. Qc2 cxd4 10. Nxd4 Bd7 11. Nc3 Nc6 12. Nxc6 Bxc6 13. Rd1 Qc7 14. b3 Bd6 15. h3 O-O 16. Rxd6 Qxd6 17. Ba3 Qe5 18. Bxf8 Rxf8 19. Rd1 Rc8 20. Qd2 g6 21. Bf1 Kg7 22. Ne2 Bd5 23. b4 Rc7 24. Ng3 Bb3 25. Ra1 Qxa1 0-1


[Site "https://www.chess.com"]